 Dungeon Crawl Stone Soup version 0.27.0-1-g7a089689b8 (console) character file.

Game seed: 6602745925974611237

164 om the Skirmisher (level 5, -14/50 HPs)
             Began as a Minotaur Fighter on Aug 12, 2021.
             Was an Initiate of Ashenzari.
             Blown up by Ijyb (20 damage)
             ... with a mindburst bolt
             ... on level 3 of the Dungeon.
             The game lasted 00:06:05 (2187 turns).

om the Skirmisher (Minotaur Fighter)                Turns: 2187, Time: 00:06:06

Health: -14/50     AC:  7    Str: 21    XL:     5   Next: 21%
Magic:  4/4        EV:  8    Int:  5    God:    Ashenzari [......]
Gold:   99         SH:  9    Dex: 10    Spells: 4/4 levels left

rFire    . . .     SeeInvis .   a - +0 war axe
rCold    . . .     Faith    .   c - +0 kite shield of Star-Bound Wisdom {Alch, Self} (curse)
rNeg     . . .     Spirit   .   b - +0 scale mail
rPois    .         Reflect  .   (helmet restricted)
rElec    .         Harm     .   (no cloak)
rCorr    .         Rampage  .   (no gloves)
Will     .....                  (no boots)
Stlth    ..........             (no amulet)
HPRegen  0.16/turn              (no ring)
MPRegen  0.09/turn              (no ring)

@: no status effects
A: horns 2, retaliatory headbutt
a: Renounce Religion, Shatter the Chains


You were on level 3 of the Dungeon.
You worshipped Ashenzari.
Ashenzari was noncommittal.
You visited 1 branch of the dungeon, and saw 3 of its levels.

You collected 99 gold pieces.

Inventory:

Hand Weapons
 a - a +0 war axe (weapon)
Armour
 b - a +0 scale mail (worn)
 c - the cursed +0 kite shield of Star-Bound Wisdom (worn) {Alch, Self}

   It has a curse which improves the following skills: Alchemy: Poison Magic and
   Transmutations.
   Introspection: Fighting and Spellcasting.
Jewellery
 l - a ring of fire
Scrolls
 e - 2 scrolls of silence
 f - a scroll of amnesia
 j - 2 scrolls of teleportation
 k - a scroll of identify
 m - a scroll of brand weapon
Potions
 d - a potion of might
 g - a potion of heal wounds
 h - a potion of attraction
 i - a potion of lignification


   Skills:
 * Level 5.2(5.7) Fighting
 - Level 2.4 Axes
 * Level 5.0 Armour
 + Level 1.9 Dodging
 + Level 4.3 Shields


You had 4 spell levels left.
You didn't know any spells.
Your spell library was empty.

Dungeon Overview and Level Annotations

Branches:
Dungeon (3/15)

Altars:
Ashenzari

Annotations:
D:3 1 runed translucent door, Crazy Yiuf, Ijyb


Innate Abilities, Weirdness & Mutations

You have a pair of horns on your head.
You reflexively headbutt those who attack you in melee.


Message History

There is an open door here.
Found a stone staircase leading down.
Drop what? 14/52 slots (_ for help) (? for menu, Esc to quit)
You drop a ring of wizardry.
A worm and Ijyb come into view.
Ijyb is wielding a +0 club and carrying a wand of mindburst (10).
Ijyb shouts!
There are monsters nearby!
You hit the worm but do no damage. The worm bites you!
You slash the worm! You headbutt the worm!
You kill the worm!
You hit Ijyb.
Ijyb is lightly wounded.
You block Ijyb's attack. Ijyb hits you but does no damage.
You miss Ijyb.
Ijyb is lightly wounded.
Ijyb barely misses you.
Ijyb zaps a wand.
Your mind is blasted!
You barely miss Ijyb.
Ijyb is lightly wounded.
You block Ijyb's attack.
You barely miss Ijyb. You headbutt Ijyb.
Ijyb is moderately wounded.
Ijyb hits you with a +0 club. You block Ijyb's attack.
You barely miss Ijyb.
Ijyb is moderately wounded.
Ijyb zaps a wand.
You barely resist. You hit Ijyb but do no damage.
Ijyb is moderately wounded.
Ijyb hits you but does no damage. You block Ijyb's attack.
You barely miss Ijyb. Your headbutt misses Ijyb.
Ijyb is moderately wounded.
Ijyb hits you with a +0 club. x2
You closely miss Ijyb. Your headbutt misses Ijyb.
Ijyb is moderately wounded.
Ijyb zaps a wand.
Your mind is blasted!
* * * LOW HITPOINT WARNING * * *
You closely miss Ijyb. You headbutt Ijyb!
Ijyb is heavily wounded.
Ijyb zaps a wand.
Your mind is blasted!
You die...

# # #.......# ##
####.......# #.
#..........# #.
#.......$..# #.
#..........# ## #.
#...>......+ ... #####
#.......# .. ...#
###+#g..# ####.##.#
#.(.@=..+ ...(.....
#.......########.##.#
#.......+<#.......#†#
#.......#.##......#..
#.....#...#...#....).
#............[#.#....
#....................
##'#+####......#.#....
#......)'......#......
#......†#....#.#......
#.......+....+........


You could see Ijyb.

Vanquished Creatures
  Terence (D:2)
  6 adders
  2 worms
  2 dart slugs (D:2)
  3 endoplasms
  4 giant cockroaches
  8 goblins
  7 hobgoblins
  12 jackals
  3 quokkas
  2 ball pythons (D:1)
  5 bats
  2 frilled lizards
  6 kobolds
  7 rats
70 creatures vanquished.

Notes
Turn   | Place    | Note
-------+----------+-------------------------------------------
     0 | D:1      | om the Minotaur Fighter began the quest for the Orb.
     0 | D:1      | Reached XP level 1. HP: 19/19 MP: 0/0
   313 | D:1      | Reached XP level 2. HP: 27/27 MP: 1/1
   328 | D:1      | You fall into a shaft and drop 1 floor!
   328 | D:2      | Noticed Terence
   345 | D:2      | Killed Terence
   346 | D:2      | Reached skill level 1 in Dodging
   346 | D:2      | Reached XP level 3. HP: 16/33 MP: 2/2
   857 | D:1      | Reached XP level 4. HP: 41/41 MP: 3/3
   861 | D:1      | Found a faded altar of an unknown god.
  1514 | D:3      | Found a broken altar of Ashenzari.
  1522 | D:3      | Became a worshipper of Ashenzari the Shackled
  1667 | D:3      | Found a runed translucent door.
  1668 | D:3      | Noticed Crazy Yiuf
  1829 | D:3      | Reached skill level 5 in Fighting
  1945 | D:3      | Reached XP level 5. HP: 48/48 MP: 4/4
  2067 | D:3      | Reached skill level 5 in Armour
  2170 | D:3      | Noticed Ijyb
  2187 | D:3      | Blown up by Ijyb

Illustrated notes

Levels and vault maps discovered:
D:1:      dpeg_arrival_brainrot, layout_loops_cross,
          dreamdust_ecumenical_altar_statues, hangedman_decor_riveting
D:2:      layout_basic, uniq_terence
D:3:      layout_basic, mainiacjoe_overflow_surrounded_room, uniq_ijyb,
          uniq_crazy_yiuf_cottage

Skill      XL: |  1  2  3  4  5 |
---------------+----------------+-----
Fighting       | 4 5 |  5.2
Armour         | 4 5 |  5.0
Dodging        | 1 |  1.9
Shields        | 4 |  4.3
Axes           | |  2.4

Action                   |  1- 3 |  4- 6 || total
-------------------------+-------+-------++-------
Melee: War axe           |    38 |    80 ||   118
       Headbutt          |     4 |    17 ||    21
Invok: Curse Item        |       |     1 ||     1
  Use: Potion            |     1 |       ||     1
Armor: Scale mail        |    25 |    25 ||    50
Dodge: Dodged            |    11 |    23 ||    34
Block: Kite shield       |    19 |    36 ||    55
